AoeStats
← 钓鱼佬

MegaRandom

505220254Analyzed
4v4 RM · 24d ago on Sep 8, 2026· 22m 3s· 8 players
Game mode
Random Map
Map size
Large (8 player)
Population
200
Speed
Normal
Resources
Standard
Victory
Conquest
Starting age
Dark Age
Ending age
Imperial Age
RankedLock teamsTeams togetherTeam positionsShared explorationLock speedFull tech treeHidden civsTurbo modeCheats
Victory
Defeat
🇻🇳 Spanish · Vietnam
2015
+3
🇻🇳 Teutons · Vietnam
1877
+6
🇨🇿 Lithuanians · Czechia
1857
+6
🇨🇿 Magyars · Czechia
1610
+15
🇨🇳 Japanese · China
1786
-13
🇦🇷 Ethiopians · Argentina
1624
-7
🇨🇳 Slavs · China
1568
-6
🇭🇰 Turks · Hong Kong SAR China
1469
-4
Velky kanec
8:50 Feudal Age
7:40 Loom
9:39 Double-Bit Axe
14:53 Scale Barding Armor
20:00 Castle Age
18:05 Horse Collar
18:55 Bloodlines
21:03 Chain Barding Armor
20:04 Light Cavalry
Mr.Bean
11:46 Feudal Age
15:56 Castle Age
14:17 Double-Bit Axe
16:15 Loom
16:52 Bow Saw
Đam Mê Game
6:00 Loom
8:31 Feudal Age
9:17 Double-Bit Axe
18:31 Castle Age
17:10 Horse Collar
18:47 Scale Barding Armor
19:42 Bloodlines
19:23 Gold Mining
19:47 Bow Saw
20:23 Chain Barding Armor
20:14 Forging
alesh
5:43 Loom
8:27 Feudal Age
13:05 Double-Bit Axe
14:42 Fletching
19:17 Padded Archer Armor
青衫天子
11:07 Feudal Age
10:31 Loom
12:03 Double-Bit Axe
11:59 Horse Collar
15:06 Castle Age
13:26 Gold Mining
14:36 Padded Archer Armor
15:37 Fletching
17:31 Bodkin Arrow
钓鱼佬
7:03 Loom
9:26 Feudal Age
10:02 Horse Collar
10:09 Double-Bit Axe
14:38 Scale Barding Armor
15:11 Fletching
16:05 Forging
18:05 Bloodlines
19:04 Bloodlines
19:36 Wheelbarrow
南园寺
9:09 Loom
11:05 Feudal Age
15:21 Castle Age
13:24 Double-Bit Axe
14:20 Horse Collar
Sick Porky Stoner
7:10 Loom
9:36 Feudal Age
10:16 Double-Bit Axe
14:02 Fletching
16:46 Wheelbarrow
20:51 Castle Age
19:29 Padded Archer Armor
19:14 Horse Collar
20:15 Gold Mining
21:27 Bodkin Arrow
20:53 Crossbowman
Connection lost

Rejoining the realm…

Still unreachable

The connection could not be restored.

Session expired

The server has moved on; the page needs a fresh start.